Map: Jagannatha LE

Players

A.I. 1 (Very Easy) - Winner!

  • Race: Protoss Protoss

WillSerral

  • Race: Zerg Zerg
  • League: Master

VOD

Have the link to the VOD?

Description

Time

  • Played on: April 19, 2021, 7:19 p.m.
  • Length: 6:33
Show
View Real Time Build Order
Export as new Build Order

A.I. 1 (Very Easy) Protoss - Winner!

Build Orders: 1 Gate Expand, Nexus First 

Get SALT Encoding   

  6  0:00  Probe  
  13  0:13  Probe  
  14  0:19  Pylon  
  14  0:43  Gateway  
  14  1:02  Nexus  
  14  1:21  Pylon  
  14  1:22  Zealot  
  14  1:25  Assimilator  
  16  1:39  Probe, Cybernetics Core  
  17  1:52  Probe  
  18  2:01  Probe  
  18  2:02  Assimilator  
  19  2:08  Stalker  
  19  2:09  Probe  
  20  2:18  Probe  
  23  2:25  Probe  
  24  2:30  Warp Gate  
  24  2:33  Probe  
  25  2:40  Probe  
  26  2:47  Probe  
  26  2:48  Pylon  
  27  2:54  Probe  
  28  3:00  Probe  
  29  3:08  Probe  
  29  3:11  Probe  
  30  3:14  Robotics Facility  
  30  3:19  Probe  
  32  3:29  Probe, Zealot, Assimilator  
  32  3:33  Probe  
  36  3:44  Probe  
  37  3:51  Probe  
  38  3:59  Probe  
  39  4:03  Observer  
  39  4:04  Assimilator  
  39  4:05  Probe  
  41  4:12  Probe  
  41  4:16  Probe  
  42  4:23  Probe  
  43  4:24  Observer  
  45  4:34  Pylon, Probe  
  46  4:41  Sentry  
  46  4:42  Probe  
  49  4:49  Probe  
  50  5:25  Immortal  
  46  5:37  Probe  
  46  5:40  Pylon  
  32  5:52  Probe  
  30  6:03  Zealot  
  32  6:04  Probe  
  32  6:06  Pylon  
  27  6:14  Probe  
  28  6:29  Pylon  
Show
View Real Time Build Order
Export as new Build Order

WillSerral Zerg 

Build Orders: Hatch First 

Get SALT Encoding   

  6  0:00  Drone  
  13  0:12  Overlord  
  13  0:18  Drone  
  14  0:31  Drone x2  
  16  0:48  Hatchery  
  15  0:52  Drone  
  15  0:55  Drone  
  17  0:58  Drone  
  18  1:08  Extractor  
  17  1:13  Spawning Pool  
  17  1:17  Drone  
  17  1:20  Drone  
  18  1:28  Drone  
  19  1:39  Overlord  
  19  2:00  Queen x2  
  24  2:01  Zergling x6  
  26  2:15  Drone x2  
  28  2:23  Drone x2  
  30  2:32  Overlord  
  30  2:34  Drone  
  30  2:35  Queen  
  33  2:40  Lair  
  33  2:45  Drone x2  
  35  2:54  Drone x2  
  37  3:02  Evolution Chamber  
  37  3:04  Roach Warren  
  35  3:11  Drone  
  35  3:12  Drone x3  
  39  3:16  Drone x2  
  39  3:18  Drone  
  42  3:23  Drone x2  
  44  3:27  Overlord  
  44  3:33  Zerg Missile Weapons Level 1  
  44  3:45  Drone x7  
  44  3:46  Drone  
  52  3:50  Extractor  
  52  3:51  Extractor  
  50  4:01  Overlord x2  
  50  4:06  Glial Reconstitution  
  50  4:13  Roach  
  52  4:21  Drone  
  52  4:22  Roach x6  
  65  4:26  Overlord x2  
  65  4:46  Roach x8  
  81  4:53  Overlord x2  
  81  5:17  Roach x9  
  99  5:26  Overlord  
  99  5:27  Overlord  
  99  5:34  Hatchery  
  97  5:50  Roach x6  
  97  5:56  Roach x2  
  113  6:00  Roach  
  113  6:02  Overlord  
  113  6:03  Overlord  
Tags
 
Add a new tag
Caveats
  • Supply blocks, unpowered buildings, or Contaminate may cause inaccurate times.
  • Supply counts are checked every 10 seconds.